 Dungeon Crawl Stone Soup version 0.24.0-13-gcf9b319 (webtiles) character file.

Game seed: 15409534331621049002, levelgen mode: deterministic

12 Ekaitz the Conjurer (level 2, -2/22 HPs)
             Began as a Draconian Conjurer on Dec 4, 2019.
             Slain by Natasha (4 damage)
             ... on level 2 of the Dungeon.
             The game lasted 00:02:24 (562 turns).

Ekaitz the Conjurer (Draconian Conjurer)             Turns: 562, Time: 00:02:25

Health: -2/22      AC:  4    Str: 10    XL:     2   Next: 20%
Magic:  2/5        EV: 12    Int: 15    God:
Gold:   39         SH:  0    Dex: 11    Spells: 2/5 levels left

rFire    . . .     SeeInvis .   e - +0 hand axe
rCold    . . .     Gourm    .   (no shield)
rNeg     . . .     Faith    .   (armour unavailable)
rPois    .         Spirit   .   (helmet restricted)
rElec    .         Reflect  .   (no cloak)
rCorr    .         Harm     .   (no gloves)
MR       .....                  (no boots)
Stlth    ++........             (no amulet)
HPRegen  0.07/turn              (no ring)
MPRegen  0.09/turn              (no ring)

@: no status effects
A: unfitting armour, cold-blooded, AC +4
a: no special abilities


You were on level 2 of the Dungeon.
You were not hungry.

You visited 1 branch of the dungeon, and saw 2 of its levels.

You collected 39 gold pieces.

Inventory:

Hand Weapons
 e - a +0 hand axe (weapon)
Scrolls
 c - 2 scrolls of amnesia {unknown}
 d - a scroll of identify {unknown}
Potions
 a - 2 potions of invisibility {unknown}
Comestibles
 b - a ration


   Skills:
 * Level 0.5 Fighting
 + Level 1.8 Dodging
 + Level 1.8 Stealth
 + Level 2.2 Spellcasting
 + Level 4.2 Conjurations


You had 2 spell levels left.
You knew the following spells:

 Your Spells              Type           Power        Failure   Level  Hunger
a - Magic Dart            Conj           ##..         3%          1    #......
b - Searing Ray           Conj           ##....       6%          2    ###....

Your spell library contained the following spells:

 Spells                   Type           Power        Failure   Level  Hunger
 Dazzling Spray           Conj/Hex       #.....       26%         3    ###....
 Iskenderun's Mystic Bla  Conj           ##......     36%         4    #####..
 Force Lance              Conj/Tloc      #.......     65%         4    #####..
 Fulminant Prism          Conj/Hex       #.........   65%         4    #####..


Dungeon Overview and Level Annotations

Branches:
Dungeon (1/15)

Altars:
Gozag

Annotations:
D:2 Natasha


Innate Abilities, Weirdness & Mutations

Your plain brown scales are hard. (AC +4)
You cannot fit into any form of body armour.
You are cold-blooded and may be slowed by cold attacks.


Message History

Natasha is lightly wounded.
You closely miss the frilled lizard. The frilled lizard closely misses you.
Natasha barely misses you. The frilled lizard bites you.
You barely miss Natasha.
Natasha is lightly wounded.
You barely miss the frilled lizard. Natasha claws you!
The frilled lizard barely misses you.
Casting: Magic Dart (safe; 3% risk of failure)
Confirm with . or Enter, or press ? or * to list all spells.
Aiming: Searing Ray (safe; 6% risk of failure)
Press: ? - help, Shift-Dir - straight line, f - Natasha
Aim: Natasha (lightly wounded, unusually resistant)
The searing ray hits Natasha.
Natasha is moderately wounded. (Press . to maintain the ray.) Natasha claws you.
* * * LOW HITPOINT WARNING * * *
The frilled lizard completely misses you.
The searing ray misses Natasha.
Natasha claws you.
You die...

###################
..................#
...#...#...#...#..#
...%...........lh_#
...#...#...#...#@.#
.........(.....?.(#
###################
.# .... ......
...... .....#
######


You could see Natasha and a frilled lizard.

Vanquished Creatures
  2 giant cockroaches (D:1)
  A goblin (D:1)
  A hobgoblin (D:1)
  3 jackals (D:1)
  2 kobolds (D:1)
  A rat (D:1)
10 creatures vanquished.

Notes
Turn   | Place    | Note
-------+----------+-------------------------------------------
     0 | D:1      | Ekaitz the Draconian Conjurer began the quest for the Orb.
     0 | D:1      | Reached XP level 1. HP: 14/14 MP: 3/3
   293 | D:1      | Reached XP level 2. HP: 16/22 MP: 0/5
   300 | D:1      | Learned a level 2 spell: Searing Ray
   539 | D:1      | You fall into a shaft and drop 1 floor!
   550 | D:2      | Noticed Natasha
   551 | D:2      | Found an opulent altar of Gozag.
   562 | D:2      | Slain by Natasha

Levels and vault maps discovered:
D:1:      matt_arrival_grand_opening, layout_basic
D:2:      minmay_roachtagon, layout_rooms, lemuel_coloured_pillars_altar,
          uniq_natasha, uniq_robin

Action                   || total
-------------------------++-------
Melee: Unarmed           ||    18
       Hand axe          ||     6
 Cast: Magic Dart        ||    24
       Searing Ray       ||     2
Armor: Skin              ||     8
Dodge: Dodged            ||    27
